Map: Cactus Valley LE (Void)

Players

Kelazhur - Winner!

  • Race: Terran Terran
  • Spawn Location: 1:00

Optimus

  • Race: Terran Terran
  • Spawn Location: 7:00

Event: WCS Austin 2017

VOD

Have the link to the VOD?

Description

Time

  • Played on: April 28, 2017, 2:02 p.m.
  • Length: 9:54

All games in this series

Show
View Real Time Build Order
Export as new Build Order

Kelazhur Terran - Winner!

Build Orders: 1/1/1, Cyclone Opening 

Get SALT Encoding   

  12  0:00  SCV  
  13  0:12  SCV  
  14  0:17  Supply Depot  
  14  0:24  SCV  
  15  0:29  Refinery  
  15  0:38  SCV  
  16  0:44  Barracks  
  16  0:50  SCV  
  16  0:54  Refinery  
  17  1:02  SCV  
  18  1:15  SCV  
  19  1:31  Factory, Orbital Command  
  19  1:34  Reaper  
  20  1:46  Supply Depot  
  20  1:56  SCV  
  21  2:06  Reaper  
  22  2:09  SCV  
  22  2:15  Cyclone  
  26  2:20  Starport  
  26  2:24  SCV  
  26  2:36  SCV  
  26  2:37  Supply Depot  
  27  2:38  Barracks Tech Lab  
  27  2:47  Cyclone  
  30  3:00  SCV  
  30  3:03  Banshee  
  34  3:12  SCV  
  35  3:19  Barracks Reactor  
  35  3:24  SCV  
  35  3:25  Supply Depot  
  36  3:36  SCV  
  35  3:49  SCV  
  34  3:57  Marine  
  34  3:58  Marine  
  34  4:01  Raven, SCV  
  34  4:02  Factory Tech Lab  
  38  4:13  SCV  
  39  4:21  Command Center, Marine x2  
  39  4:22  Siege Tank  
  44  4:25  SCV  
  45  4:37  SCV  
  46  4:40  Marine  
  46  4:41  Marine  
  44  4:47  Supply Depot  
  44  4:57  SCV  
  44  4:58  Marine  
  44  4:59  Marine, Siege Tank  
  46  5:09  SCV  
  46  5:12  Command Center  
  47  5:18  Marine x2  
  49  5:21  SCV  
  49  5:23  Raven  
  52  5:34  SCV  
  53  5:42  Siege Tank  
  54  5:46  SCV, Orbital Command  
  54  5:49  Marine  
  53  6:00  SCV  
  55  6:10  Barracks x2  
  54  6:12  SCV  
  54  6:15  SCV  
  56  6:18  Starport Reactor  
  56  6:24  SCV  
  50  6:26  Orbital Command  
  50  6:27  Marine  
  50  6:28  Stimpack  
  50  6:31  SCV  
  50  6:32  Siege Tank  
  54  6:36  SCV  
  55  6:41  Engineering Bay  
  55  6:43  SCV  
  55  6:45  Marine  
  57  6:48  SCV  
  57  6:51  Refinery x2  
  57  6:52  SCV  
  59  6:55  SCV  
  59  7:00  SCV  
  61  7:02  Marine  
  61  7:05  Starport Reactor, SCV  
  61  7:07  SCV  
  64  7:10  Siege Tank  
  67  7:17  SCV  
  67  7:20  Marine, SCV  
  67  7:22  Marine x3  
  71  7:23  Marine  
  71  7:24  Terran Infantry Weapons Level 1  
  71  7:27  SCV  
  71  7:29  SCV  
  70  7:32  SCV  
  69  7:38  Marine  
  69  7:39  SCV  
  69  7:40  Marine x3  
  69  7:41  SCV  
  69  7:42  Marine  
  72  7:44  Siege Tank  
  72  7:50  SCV  
  72  7:51  SCV  
  77  7:54  SCV  
  77  7:56  Marine  
  77  7:57  Supply Depot  
  77  7:58  Marine x2  
  80  7:59  Marine  
  80  8:00  Marine  
  80  8:02  SCV  
  80  8:03  SCV  
  85  8:09  Barracks  
  85  8:10  Barracks  
  85  8:19  Marine x2, SCV x3  
  90  8:23  Marine x3  
  93  8:31  Supply Depot  
  93  8:32  Supply Depot  
  93  8:33  SCV  
  94  8:37  Medivac x2  
  96  8:44  Siege Tank, Marine x2  
  101  8:52  Marine, SCV  
  101  8:55  Supply Depot  
  103  8:56  Supply Depot  
  103  8:59  Marine  
  103  9:00  Sensor Tower  
  105  9:04  Barracks Reactor x2  
  105  9:07  Medivac x2, Marine x3  
  111  9:10  Marine  
  111  9:11  SCV x2  
  114  9:18  Marine  
  114  9:20  Armory  
  115  9:28  SCV  
  115  9:29  Engineering Bay, SCV  
  117  9:31  SCV  
  117  9:32  Marine  
  117  9:34  Marine  
  117  9:36  Marine  
Show
View Real Time Build Order
Export as new Build Order

Optimus Terran 

Build Orders: 1/1/1, Cyclone Opening, MMM Bio 

Get SALT Encoding   

  12  0:00  SCV  
  13  0:12  SCV  
  14  0:17  Supply Depot  
  14  0:24  SCV  
  15  0:29  Refinery  
  15  0:39  SCV  
  16  0:44  Barracks  
  16  0:51  SCV  
  16  0:55  Refinery  
  17  1:03  SCV  
  18  1:15  SCV  
  19  1:27  SCV  
  19  1:31  Reaper  
  21  1:34  Factory  
  21  1:40  Orbital Command  
  21  1:49  Supply Depot  
  21  2:03  Reaper  
  21  2:06  SCV  
  23  2:18  Hellion  
  23  2:19  Starport  
  23  2:20  SCV  
  26  2:32  SCV  
  26  2:33  Supply Depot  
  26  2:36  Barracks Tech Lab  
  27  2:39  Cyclone  
  30  2:45  SCV  
  31  2:57  SCV  
  32  3:02  Raven  
  34  3:09  SCV  
  34  3:20  Barracks Reactor  
  34  3:26  Command Center  
  34  3:28  SCV  
  34  3:29  Supply Depot  
  35  3:38  Cyclone  
  38  3:43  SCV  
  37  3:56  SCV  
  37  3:58  Marine x2  
  38  4:04  Barracks  
  38  4:06  Barracks  
  38  4:07  Raven  
  39  4:13  SCV  
  40  4:17  Marine x2  
  40  4:22  Factory Tech Lab  
  42  4:25  SCV  
  42  4:37  Marine, SCV  
  35  4:49  SCV  
  35  4:50  Marine  
  32  5:02  SCV  
  32  5:03  Barracks Reactor  
  33  5:10  Marine, Stimpack  
  33  5:14  SCV  
  35  5:21  Starport Reactor  
  35  5:26  SCV  
  35  5:31  Siege Tank  
  38  5:40  Orbital Command  
  36  5:43  Marine x3  
  36  5:47  SCV  
  36  5:49  Marine  
  40  5:56  Marine  
  41  6:00  Medivac  
  41  6:03  Supply Depot, SCV  
  44  6:04  Marine  
  44  6:05  Marine  
  44  6:08  SCV  
  47  6:11  Marine  
  47  6:15  SCV  
  49  6:20  Siege Tank  
  49  6:21  SCV  
  49  6:23  Marine  
  52  6:27  SCV  
  53  6:33  SCV  
  53  6:36  Marine x3  
  53  6:37  Marine  
  58  6:40  SCV  
  58  6:46  Marine  
  60  6:47  Supply Depot  
  61  6:54  SCV  
  61  6:59  Marine x3  
  61  7:00  SCV  
  65  7:09  Barracks  
  65  7:10  Barracks  
  65  7:11  Combat Shields  
  65  7:13  SCV  
  64  7:18  SCV  
  58  7:25  SCV  
  59  7:30  SCV  
  59  7:39  Marine x3  
  59  7:40  SCV  
  59  7:43  Medivac x2  
  67  7:46  SCV  
  68  7:52  Supply Depot, SCV  
  68  7:53  Marine  
  70  7:58  SCV  
  70  8:00  Marine x3  
  70  8:04  SCV  
  75  8:08  Supply Depot  
  75  8:10  SCV  
  76  8:14  Barracks Reactor  
  76  8:18  Medivac  
  79  8:22  Medivac, Marine  
  79  8:23  Marine x2  
  83  8:27  Refinery  
  83  8:30  Supply Depot  
  83  8:31  Barracks Reactor  
  83  8:32  Marine  
  83  8:34  SCV  
  85  8:36  SCV  
  85  8:38  Marine  
  85  8:40  Marine  
  81  8:41  Marine  
  81  8:42  Marine  
  81  8:46  SCV  
  84  8:50  Marine  
  85  9:02  Siege Tank  
  88  9:07  Marine  
  88  9:08  Marine x8  
  97  9:10  SCV  
  97  9:13  SCV  
  100  9:25  Marine  
  100  9:26  Marine  
  100  9:27  Supply Depot  
  100  9:29  Marine  
  100  9:30  Marine x4  
Tags
 
Add a new tag
Caveats
  • Supply blocks, unpowered buildings, or Contaminate may cause inaccurate times.
  • Supply counts are checked every 10 seconds.